 Dungeon Crawl Stone Soup version 0.30-a0-760-g5a9884bb7c (webtiles) character file.

Game seed: 13034907802425022815

39313 arthad the Convoker (level 13, -8/61 HPs)
             Began as a Felid Summoner on Feb 11, 2023.
             Was an Initiate of Gozag.
             Mangled by a spriggan rider
             ... wielding a +0 spear
              (17 damage)
             ... on level 3 of the Swamp on Feb 12, 2023.
             The game lasted 02:52:33 (36425 turns).

arthad the Convoker (Felid Summoner)               Turns: 36425, Time: 02:52:34

Health: -8/61      AC:  3    Str: 10    XL:     13   Next: 68%
Magic:  7/30       EV: 27    Int: 24    God:    Gozag
Gold:   1872       SH:  0    Dex: 17    Spells: 4/36 levels left
                                        Lives:  0   Deaths: 3

rFire   . . .      SeeInvis +      - Unarmed
rCold   + . .      Faith    .    (shield unavailable)
rNeg    . . .      Spirit   .    (body armour unavailable)
rPois   .          Reflect  .    (helmet unavailable)
rElec   .          Harm     .    (cloak unavailable)
rCorr   .          Rampage  .    (gloves unavailable)
Will    ++...                    (boots unavailable)
Stlth   +                        F - amulet of regeneration
HPRegen 1.10/turn                h - ring of wizardry
MPRegen 0.22/turn                j - ring of the Green God {Will+ Str+6 Int+3}

@: lethally poisoned (-8 -> -9), very slow
A: very small, claws 1, fangs 3, see invisible, speed 1, shaggy fur 3, stealthy
paws, no weapons or thrown items, no armour, multi-lived
a: Renounce Religion, Potion Petition, Call Merchant, Bribe Branch


You were on level 3 of the Swamp.
You worshipped Gozag.
Gozag was most pleased with you.
You visited 5 branches of the dungeon, and saw 24 of its levels.
You also visited: Gauntlet.

You collected 7300 gold pieces.
You spent 3188 gold pieces at shops.
You paid 2240 gold pieces to Gozag.

Inventory:

Jewellery
 e - a ring of willpower
 h - a ring of wizardry (left paw)
 j - the ring of the Green God (right paw) {Will+ Str+6 Int+3}
   (You found it on level 2 of the Dungeon)

   [ring of strength]

   Str:       It affects your strength (+6).
   Int:       It affects your intelligence (+3).
   Will:      It increases your willpower.
 q - the ring "Ysoewosk" {Fire Dex+4}
   (You found it in a Gauntlet)

   [ring of fire]

   It enhances your fire magic.
   Dex:       It affects your dexterity (+4).
   rF:        It protects you from fire.
   rC:        It makes you vulnerable to cold.
 t - a ring of flight
 w - an amulet of guardian spirit
 B - a +6 ring of dexterity
 F - an amulet of regeneration (around neck)
 I - a ring of fire
 O - a ring of positive energy
 T - the ring "Ruocsaist" {Fly rF+}
   (You found it on level 1 of the Swamp)

   [ring of flight]

   rF:        It protects you from fire.
   Fly:       It grants you flight.
 W - a +5 ring of evasion
 Y - a +6 ring of intelligence
Wands
 z - a wand of roots (19)
 C - a wand of flame (33)
 E - a wand of mindburst (5)
 K - a wand of digging (6)
 P - a wand of charming (4)
 X - a wand of polymorph (2)
Scrolls
 f - a scroll of amnesia
 g - 2 scrolls of torment
 i - 4 scrolls of vulnerability
 k - 2 scrolls of immolation
 l - 6 scrolls of fog
 m - 3 scrolls of poison
 p - 4 scrolls of noise
 y - 2 scrolls of magic mapping
 D - 3 scrolls of blinking
 G - 5 scrolls of teleportation
 L - 2 scrolls of brand weapon
 M - 4 scrolls of enchant armour
 N - 8 scrolls of identify
 Q - a scroll of fear
 S - 2 scrolls of enchant weapon
 V - a scroll of summoning
Potions
 a - 2 potions of attraction
 b - 5 potions of haste
 c - 2 potions of invisibility
 d - 3 potions of lignification
 n - 4 potions of mutation
 o - 7 potions of brilliance
 r - 4 potions of ambrosia
 s - a potion of cancellation
 v - 4 potions of curing
 x - 3 potions of magic
 A - a potion of flight
 H - a potion of might
 J - a potion of degeneration
 U - a potion of berserk rage
 Z - a potion of heal wounds
Miscellaneous
 u - a phial of floods


   Skills:
 + Level 10.2 Fighting
 + Level 13.6 Dodging
 - Level 3.2 Stealth
 * Level 4.0 Unarmed Combat
 + Level 12.1 Spellcasting
 - Level 10.0 Hexes
 * Level 15.2 Summonings
 * Level 4.4 Translocations
 - Level 5.0 Ice Magic
 - Level 10.1 Air Magic


You had 4 spell levels left.
You knew the following spells:

 Your Spells              Type           Power      Damage    Failure   Level
c - Call Canine Familiar  Summ           73%        N/A       1%          3
d - Summon Guardian Gole  Hex/Summ       66%        N/A       1%          3
e - Summon Lightning Spi  Summ/Air       66%        N/A       1%          4
f - Summon Ice Beast      Ice/Summ       58%        N/A       1%          4
g - Summon Mana Viper     Hex/Summ       66%        N/A       1%          5
h - Summon Cactus Giant   Summ           36%        N/A       1%          6
i - Blink                 Tloc           72%        N/A       1%          2
j - Summon Forest         Summ/Tloc      29%        N/A       1%          5

Your spell library contained the following spells:

 Spells                   Type           Power      Damage    Failure   Level
 Summon Small Mammal      Summ           100%       N/A       0%          1
 Call Imp                 Summ           73%        N/A       0%          2
 Apportation              Tloc           72%        N/A       1%          1
 Freeze                   Ice            100%       1d10      1%          1
 Magic Dart               Conj           56%        1d5       1%          1
 Cigotuvi's Dreadful Rot  Necr/Pois/Air  60%        N/A       1%          2
 Lesser Beckoning         Tloc           72%        N/A       1%          2
 Momentum Strike          Conj/Tloc      50%        3d9       1%          2
 Poisonous Vapours        Pois/Air       76%        N/A       1%          2
 Frozen Ramparts          Ice            76%        1d12      1%          3
 Gell's Gravitas          Tloc           36%        N/A       1%          3
 Mephitic Cloud           Conj/Pois/Air  30%        N/A       1%          3
 Ozocubu's Armour         Ice            38%        N/A       1%          3
 Teleport Other           Tloc           36%        N/A       1%          3
 Ignite Poison            Fire/Tmut/Pois 14%        N/A       5%          3
 Ice Form                 Ice/Tmut       26%        N/A       6%          4
 Sticky Flame             Conj/Fire      14%        2d4       16%         4
 Metabolic Englaciation   Hex/Ice        25%        N/A       2%          5
 Summon Hydra             Summ           36%        N/A       2%          7
 Enfeeble                 Hex            29%        N/A       24%         7
 Malign Gateway           Summ/Tloc      29%        N/A       26%         7
 Alistair's Intoxication  Tmut/Pois      9%         N/A       41%         5
 Eringya's Noxious Bog    Tmut/Pois      7%         N/A       92%         6
 Ignition                 Fire           7%         3d4       100%        8
 Polar Vortex             Ice            19%        N/A       100%        9
 Portal Projectile        Hex/Tloc       Unusable   N/A       N/A         3

Dungeon Overview and Level Annotations

Branches:
Dungeon (13/15)            Temple (1/1) D:7            Lair (5/5) D:8
  Swamp (3/4) Lair:2        Snake (0/4) Lair:2        Slime (0/5) Lair:5
    Orc (2/2) D:10            Elf (0/3) Orc:2       Gauntlet (visited)
 Vaults: D:13-14

Altars:
Ashenzari
Cheibriados
Dithmenos
Elyvilon
Fedhas
Gozag
Hepliaklqana
Kikubaaqudgha
Makhleb
Nemelex Xobeh
Okawaru
Qazlal
Ru
Sif Muna
Trog
Uskayaw
Vehumet
Wu Jian
Xom
Yredelemnul
Zin
The Shining One

Shops:
D:4 :   D:11 ?   Orc:1 !   Orc:2 *?[=*   Lair:2 ?   Lair:3 :

Portals:
Pandemonium: Orc:2

Annotations:
D:6 exclusion: upstairs
D:11 2 transporters
Lair:3 2 transporters, runemasterragnar's ghost, journeyman OpFi
Lair:5 2 runed translucent doors
Swamp:3 Mara


Innate Abilities, Weirdness & Mutations

You have sharp claws.
You have razor-sharp teeth.
You have supernaturally acute eyesight. (SInv)
You cover ground quickly. (Speed+)
Your thick and shaggy fur keeps you warm. (AC +3, rC+)
Your paws help you pounce on unaware monsters.
You are incapable of wielding weapons or throwing items.
You cannot wear armour.
You gain extra lives every three experience levels.


Message History

The spriggan rider hits you from afar with a +0 spear!!
* * * LOW HITPOINT WARNING * * *
You feel sick.
Your warg bites the swamp dragon but does no damage.
Your mana viper splashes around in the water.
The swamp dragon bites your guardian golem!
Flame seeps out of your guardian golem.
The swamp dragon claws your guardian golem but does no damage.
The swamp dragon tramples your guardian golem but does no damage.
Your cactus giant barely misses the spriggan rider.
Your guardian golem is engulfed in blazing flames.
Flame seeps out of your guardian golem.
You feel sick.
Your mana viper splashes around in the water.
The swamp dragon bites your guardian golem but does no damage.
The swamp dragon claws your guardian golem but does no damage.
The swamp dragon tramples your guardian golem but does no damage.
The spriggan rider misses you.
Your warg bites the swamp dragon!
Your mana viper splashes around in the water.
You enter the shallow water.
Moving in this stuff is going to be slow.
Your lightning spire disappears in a puff of smoke!
The swamp dragon bites your ice beast! Flame seeps out of your guardian golem.
The swamp dragon claws your ice beast.
Your guardian golem disappears in a puff of smoke!
Your guardian golem explodes!
The fiery explosion engulfs your warg!!
The mangrove smoulders and burns.
The fiery explosion engulfs the swamp dragon!!
The fiery explosion engulfs your ice beast!!!
Your ice beast melts!
The fiery explosion engulfs your mana viper!!!
The swamp dragon tramples your ice beast.
Your ice beast stumbles backwards!
Your mana viper is engulfed in a cloud of scalding steam.
Your ice beast hits the swamp dragon but does no damage.
Your warg is engulfed in blazing flames.
Your warg bites the swamp dragon but does no damage.
The spriggan rider hits you from afar with a +0 spear!
You die...
Your body crumbles into a pile of gold.

##~.....)..~.~~~♣♣
♣~~♣..~.~§~♣♣
##^...........~♣
♣§~♣♣♣♣♣~.♣
#..#####...~~..♣♣♣♣♣...♣♣
##. #.~~~~~~~.~♣♣~~~~♣ ..
#.~§~~~~~~~♣.§~~~♣ ..
..~~..~~~...~....§♣
.^#♣♣♣..~~~..♣..~~♣♣
#.#...~~~§~~....♣♣♣
#..Y.~~~@~....♣ $
##hD§~~~...♣♣§♣♣
..§S.§~i.♣♣♣♣♣♣
.§§§.~C.♣♣...♣
♣.~.~..~~~~.♣
~..~.♣♣~~~~~.♣♣ .~..♣
♣.~~~~.♣ ♣♣...♣ ♣~♣♣
♣.~~~~♣♣ ♣~~~~.♣ ♣.~~~~♣
♣.~~~.~


You could see a swamp dragon (ally target), a spriggan rider (ally target), a
friendly mana viper (summoned, sheltered), a friendly cactus giant (summoned,
sheltered), a friendly warg (summoned, sheltered) and a friendly ice beast
(summoned, sheltered).

Vanquished Creatures
  An orc knight (Orc:2)
  An unseen horror (D:10)
  4 flying skulls (Gauntlet)
  2 orcs
  A bat (D:1)
  An endoplasm (D:1)
  A goblin (D:3)
  A quokka (D:2)
  A ball python (D:1)
  A rat (D:1)
  A bush (D:9)
15 creatures vanquished.

Vanquished Creatures (collateral kills)
  An orc warlord (Orc:2)
  2 eleionomae (Swamp:1)
  A dire elephant (Gauntlet)
  3 bunyips
  A minotaur (Gauntlet)
  An ettin (Orc:2)
  A demonspawn (Orc:2)
  7 hydras
  3 alligators
  2 death yaks (Lair:2)
  A two-headed ogre (D:9)
  5 orc high priests (Orc:2)
  Sonja (D:11)
  13 spriggans
  Amaemon (Lair:1)
  A fire crab (Lair:5)
  2 swamp dragons
  3 goliath frogs
  A spriggan druid (Swamp:2)
  2 skysharks (Lair:4)
  4 bog bodies
  A deep troll (Lair:1)
  2 deep elf pyromancers (D:12)
  4 orc knights (Orc:2)
  Pikel (D:7)
  2 will-o-the-wisps (Swamp:3)
  6 orc sorcerers (Orc:2)
  A manticore (D:11)
  2 elephants (Gauntlet)
  5 black mambas
  2 smoke demons (Orc:2)
  2 molten gargoyles (Lair:5)
  2 orange demons
  An unseen horror (D:11)
  A gargoyle (D:11)
  9 cane toads
  7 komodo dragons
  A rime drake (Lair:1)
  4 trolls
  A polar bear (Lair:5)
  5 tyrant leeches (Swamp:1)
  A bloated husk (Swamp:2)
  8 hornets
  26 blink frogs
  7 flying skulls (Gauntlet)
  7 dream sheep (Lair:4)
  23 yaks
  A vampire (D:11)
  3 wyverns
  A shadow (D:10)
  7 wraiths
  2 steam dragons (Lair:5)
  4 basilisks
  10 vampire mosquitoes
  Menkaure (D:6)
  10 swamp worms
  A naga (Lair:2)
  7 wargs
  7 water moccasins
  6 acid dragons
  4 hell hounds (Lair:5)
  4 black bears
  3 ice beasts
  A sky beast (D:7)
  6 ogres
  34 orc warriors
  10 wolves
  3 centaurs
  A phantom (D:6)
  2 kobold brigands
  15 bullfrogs
  2 necrophages (D:5)
  A gnoll sergeant (D:10)
  4 scorpions
  5 wights
  Dowan (D:5)
  15 killer bees
  5 howler monkeys
  2 crimson imps
  4 lava snakes (Lair:5)
  A hound (D:6)
  2 gnoll boudas
  26 orc priests
  4 jellies
  5 iguanas
  Natasha (thrice) (D:3)
  20 orc wizards
  Robin (D:3)
  11 gnolls
  6 adders
  3 white imps
  2 ufetubi
  2 worms
  A dart slug (D:4)
  78 orcs
  10 ball pythons
  5 endoplasms
  A giant cockroach (D:4)
  15 goblins
  4 hobgoblins
  3 quokkas
  6 bats
  A goblin skeleton (D:3)
  3 goblin zombies (D:3)
  2 hobgoblin zombies (D:3)
  13 kobolds
  An orc skeleton (D:3)
  6 rats
604 creatures vanquished.

Vanquished Creatures (others)
  An orc warlord (Orc:2)
  An eleionoma (Swamp:1)
  A bunyip (Swamp:3)
  Josephine (D:12)
  2 hydras
  A death yak (Lair:2)
  2 tengu warriors (D:13)
  A spriggan druid (Swamp:1)
  A skyshark (Lair:4)
  An orc knight (Orc:2)
  An orc sorcerer (Orc:2)
  A cyclops (D:7)
  A manticore (D:11)
  Maurice (D:11)
  A black mamba (Lair:4)
  A gargoyle (D:12)
  A rime drake (Lair:1)
  An unseen horror (D:10)
  2 komodo dragons
  A tyrant leech (Swamp:1)
  2 bloated husks (Swamp:1)
  A flying skull (Gauntlet)
  Eustachio (D:4)
  2 wyverns
  3 yaks
  A steam dragon (Lair:5)
  3 vampire mosquitoes (Lair:2)
  Edmund (D:5)
  A swamp worm (Swamp:3)
  Duvessa (D:5)
  8 orc warriors
  2 ogres
  A centaur (D:10)
  A kobold brigand (D:7)
  2 bullfrogs (D:7)
  A necrophage (D:7)
  A scorpion (D:4)
  3 wights (D:8)
  2 killer bees (D:7)
  An orc priest (Orc:2)
  Crazy Yiuf (D:5)
  Terence (D:3)
  2 orc wizards
  A gnoll (D:4)
  4 orcs
  A hobgoblin (D:3)
  4 foxfires (Swamp:3)
  58 fungi
  73 plants
206 creatures vanquished.

Grand Total: 825 creatures vanquished

Notes
Turn   | Place    | Note
-------+----------+-------------------------------------------
     0 | D:1      | arthad the Felid Summoner began the quest for the Orb.
     0 | D:1      | Reached XP level 1. HP: 7/7 MP: 4/4
   243 | D:1      | Reached XP level 2. HP: 11/11 MP: 3/6
   288 | D:1      | Learned a level 2 spell: Call Imp
   819 | D:2      | Reached XP level 3. HP: 14/14 MP: 2/7
   822 | D:2      | Identified the ring of the Green God {Will+ Str+6 Int+3}
   829 | D:2      | Learned a level 3 spell: Call Canine Familiar
  1902 | D:2      | Reached skill level 1 in Hexes
  1905 | D:2      | Reached XP level 4. HP: 18/18 MP: 1/9
  2365 | D:3      | Noticed Natasha
  2374 | D:3      | Killed Natasha
  2443 | D:3      | Noticed Terence
  2444 | D:3      | Noticed Natasha
  2472 | D:2      | Learned a level 3 spell: Summon Guardian Golem
  2556 | D:3      | Noticed Robin
  2953 | D:3      | Killed Natasha
  2954 | D:3      | Reached skill level 5 in Summonings
  2954 | D:3      | Reached XP level 5. HP: 21/21 MP: 5/11
  3034 | D:3      | Killed Robin
  3045 | D:3      | Noticed Natasha
  3061 | D:3      | Killed Natasha
  3216 | D:3      | Killed Terence
  3301 | D:3      | Reached skill level 1 in Fighting
  3301 | D:3      | Gained mutation: You are covered in thick fur. (AC +2)
                  | [Felid growth]
  3301 | D:3      | Reached XP level 6. HP: 25/25 MP: 3/12
  3494 | D:3      | Found a glowing golden altar of the Shining One.
  3571 | D:3      | Found a hazy altar of Hepliaklqana.
  3725 | D:4      | Reached skill level 1 in Air Magic
  3750 | D:4      | Found a sparkling altar of Nemelex Xobeh.
  3884 | D:4      | Noticed Eustachio
  3911 | D:4      | Killed Eustachio
  3917 | D:4      | Learned a level 4 spell: Summon Lightning Spire
  4058 | D:4      | Reached XP level 7. HP: 11/29 MP: 4/14
  4228 | D:4      | Found Ybamay's Book Shoppe.
  5041 | D:4      | Identified the +8 ring mail of the Jabberwock {Fly rC+
                  | Will+}
  5077 | D:5      | Entered Level 5 of the Dungeon
  5316 | D:5      | Reached skill level 6 in Summonings
  5346 | D:5      | HP: 1/30 [themself (29)]
  5351 | D:5      | Noticed Edmund
  5395 | D:5      | Killed Edmund
  5643 | D:5      | Found a runed translucent door.
  5644 | D:5      | Noticed Crazy Yiuf
  5692 | D:5      | Noticed Dowan
  5693 | D:5      | Noticed Duvessa
  5708 | D:5      | Killed Duvessa
  5709 | D:5      | Reached XP level 8. HP: 34/34 MP: 5/16
  5712 | D:5      | Killed Dowan
  5880 | D:5      | Reached skill level 5 in Spellcasting
  6049 | D:5      | Reached skill level 5 in Dodging
  6385 | D:5      | Found a hide-covered altar of Uskayaw.
  6626 | D:5      | Killed Crazy Yiuf
  6836 | D:6      | Learned a level 4 spell: Summon Ice Beast
  6904 | D:6      | Reached skill level 5 in Hexes
  6948 | D:6      | Reached skill level 7 in Summonings
  7019 | D:6      | You fall into a shaft and drop 1 floor!
  7209 | D:6      | Noticed Menkaure
  7222 | D:6      | Killed Menkaure
  7223 | D:6      | Reached XP level 9. HP: 21/38 MP: 2/18
  7527 | D:5      | Noticed a rust devil
  7527 | D:5      | Noticed a rust devil
  7600 | D:6      | Found a shadowy altar of Dithmenos.
  7896 | D:7      | Found a staircase to the Ecumenical Temple.
  7905 | Temple   | Entered the Ecumenical Temple
  7957 | Temple   | Became a worshipper of Gozag Ym Sagoz the Greedy
  8074 | D:7      | Reached skill level 1 in Ice Magic
  8608 | D:7      | Reached skill level 5 in Air Magic
  8614 | D:7      | Noticed a cyclops
  8651 | D:7      | Killed a cyclops
  8652 | D:7      | Reached skill level 8 in Summonings
  8805 | D:7      | Noticed Pikel
  8820 | D:7      | Killed Pikel
  8821 | D:7      | Reached XP level 10. HP: 43/43 MP: 12/21
 10046 | D:8      | Found a staircase to the Lair.
 10079 | D:8      | Found an ancient bone altar of Kikubaaqudgha.
 10522 | D:8      | Found a shimmering altar of Xom.
 10523 | D:8      | Found a burning altar of Makhleb.
 10608 | D:9      | Found a radiant altar of Vehumet.
 11043 | D:9      | Reached skill level 5 in Fighting
 11473 | D:9      | Noticed a two-headed ogre
 11481 | D:9      | Killed a two-headed ogre
 11482 | D:9      | Reached skill level 9 in Summonings
 12430 | D:7      | Found an iron altar of Okawaru.
 12467 | D:10     | Entered Level 10 of the Dungeon
 12550 | D:10     | Found a bloodstained altar of Trog.
 12644 | D:10     | Reached XP level 11. HP: 48/48 MP: 10/23
 12779 | D:10     | Found a staircase to the Orcish Mines.
 14339 | D:11     | Noticed Maurice
 14354 | D:11     | Killed Maurice
 14732 | D:11     | Found Xeor's Magic Scroll Shoppe.
 14736 | D:11     | Bought a scroll of fog for 48 gold pieces
 14736 | D:11     | Bought a scroll of amnesia for 48 gold pieces
 14736 | D:11     | Bought 3 scrolls of identify for 72 gold pieces
 14770 | D:11     | Found a transporter.
 14773 | D:11     | Found a transporter.
 15075 | D:11     | Noticed Sonja
 15085 | D:11     | Killed Sonja
 15086 | D:11     | Reached skill level 10 in Summonings
 15196 | D:11     | Noticed a catoblepas
 15197 | D:11     | Noticed a brown ugly thing
 15233 | D:11     | Noticed a deep elf pyromancer
 15238 | D:11     | Noticed a steelbarb worm
 15300 | D:11     | Noticed a mana viper
 15428 | D:12     | Noticed Josephine
 15435 | D:12     | Killed Josephine
 15860 | D:12     | Noticed a deep elf pyromancer
 15980 | D:12     | Noticed a deep elf pyromancer
 16229 | D:12     | Gained mutation: Your thick and shaggy fur keeps you warm.
                  | (AC +3, rC+) [Felid growth]
 16229 | D:12     | Reached XP level 12. HP: 39/52 MP: 10/26
 16810 | D:13     | Noticed a tengu warrior
 16823 | D:13     | Killed a tengu warrior
 16825 | D:13     | Noticed a tengu warrior
 16836 | D:13     | Killed a tengu warrior
 17063 | Lair:1   | Entered Level 1 of the Lair of Beasts
 17068 | Lair:1   | Found a gate leading to a gauntlet.
 17119 | Gauntlet | Entered a Gauntlet
 17119 | Gauntlet | Found a large runed translucent door.
 17119 | Gauntlet | Found a large runed translucent door.
 17119 | Gauntlet | Found a large runed translucent door.
 17119 | Gauntlet | Found a large runed translucent door.
 17119 | Gauntlet | Found a runed translucent door.
 17119 | Gauntlet | Found a large runed translucent door.
 17119 | Gauntlet | Found a large runed translucent door.
 17119 | Gauntlet | Found a transporter.
 17119 | Gauntlet | Found a transporter.
 17119 | Gauntlet | Found a large runed translucent door.
 17119 | Gauntlet | Found a large runed translucent door.
 17119 | Gauntlet | Found a runed translucent gate.
 17119 | Gauntlet | Found a runed translucent gate.
 17119 | Gauntlet | Found a transporter.
 17121 | Gauntlet | Noticed a dire elephant
 17149 | Gauntlet | Found a transporter.
 17150 | Gauntlet | Found a transporter.
 17159 | Gauntlet | Found a transporter.
 17219 | Gauntlet | Found a runed translucent door.
 17220 | Gauntlet | Found a large runed translucent door.
 17220 | Gauntlet | Found a large runed translucent door.
 17220 | Gauntlet | Found a large runed translucent door.
 17220 | Gauntlet | Found a large runed translucent door.
 17221 | Gauntlet | Found a large runed translucent door.
 17221 | Gauntlet | Found a large runed translucent door.
 17222 | Gauntlet | Found a large runed translucent door.
 17222 | Gauntlet | Found a large runed translucent door.
 17226 | Gauntlet | Found a transporter.
 17236 | Gauntlet | Found a transporter.
 17251 | Gauntlet | Found a transporter.
 17263 | Gauntlet | Found a transporter.
 17276 | Gauntlet | Found a transporter.
 17282 | Gauntlet | Found a transporter.
 17305 | Gauntlet | Found a runed translucent gate.
 17421 | Gauntlet | Killed a dire elephant
 17422 | Gauntlet | Reached skill level 5 in Ice Magic
 17532 | Gauntlet | Identified the ring "Ysoewosk" {Fire Dex+4}
 17534 | Gauntlet | Identified the +10 sling of the Slime-mould {freeze, rC-
                  | Will+++}
 17604 | Gauntlet | Reached skill level 11 in Summonings
 18143 | Gauntlet | Identified the +3 pair of gloves of a sewer {rF- rCorr
                  | Int+4}
 18217 | Gauntlet | Noticed a minotaur
 18229 | Gauntlet | Killed a minotaur
 18814 | Lair:1   | Noticed Amaemon
 18833 | Lair:1   | Killed Amaemon
 18834 | Lair:1   | Reached skill level 10 in Dodging
 18834 | Lair:1   | Reached skill level 10 in Spellcasting
 19864 | Lair:1   | Identified the +4 dagger of the Candelabrum {freeze, Str+3}
 20155 | Lair:2   | Noticed a death yak
 20156 | Lair:2   | Noticed a death yak
 20158 | Lair:2   | Noticed a death yak
 20185 | Lair:2   | Killed a death yak
 20185 | Lair:2   | Killed a death yak
 20186 | Lair:2   | Reached XP level 13. HP: 34/57 MP: 7/28
 20599 | Lair:2   | Found a staircase to the Snake Pit.
 20964 | Lair:2   | Found a staircase to the Swamp.
 21392 | Lair:3   | Found a transporter.
 21392 | Lair:3   | Found a transporter.
 21489 | Lair:3   | Reached skill level 12 in Summonings
 21939 | Lair:3   | Noticed runemasterragnar's ghost (journeyman OpFi)
 22431 | Lair:3   | Bought the Grimoire of the Faeries for 720 gold pieces
 22437 | Lair:3   | Learned a level 5 spell: Summon Mana Viper
 22457 | Lair:4   | Reached skill level 10 in Air Magic
 22486 | Lair:4   | Identified the +0 leather armour "Ajeugres" {*Corrode Str+9
                  | Dex+3}
 22991 | Lair:4   | Mangled by a blink frog
 22992 | Lair:4   | Reached XP level 12. HP: -7/55 MP: 12/28
 23012 | Lair:4   | Killed an eight-headed hydra
 23759 | Lair:5   | Entered Level 5 of the Lair of Beasts
 23760 | Lair:5   | Noticed a five-headed hydra
 23780 | Lair:5   | Killed a five-headed hydra
 23986 | Lair:5   | Reached XP level 13. HP: 58/58 MP: 5/29
 24314 | Lair:5   | Identified the +1 hand axe of Poverty {freeze, Str-4 Int+4
                  | Dex+4}
 24813 | Lair:5   | Found a staircase to the Slime Pits.
 24832 | Lair:5   | Reached skill level 13 in Summonings
 25937 | Lair:5   | HP: 1/59 [molten gargoyle/bolt of magma (35)]
 26476 | Lair:5   | Found a large runed translucent door.
 26477 | Lair:5   | Noticed a fire dragon
 26770 | Lair:5   | Found a large runed translucent door.
 27216 | Orc:1    | Entered Level 1 of the Orcish Mines
 27422 | Orc:1    | Found Ejime's Distillery.
 27434 | Orc:1    | Bought a potion of magic for 88 gold pieces
 27861 | Orc:2    | Entered Level 2 of the Orcish Mines
 28489 | Orc:2    | Noticed an orc warlord
 28515 | Orc:2    | Killed an orc warlord
 28545 | Orc:2    | Noticed an orc warlord
 28690 | Orc:2    | Killed an orc warlord
 29384 | Orc:2    | Found Bymovu's General Store.
 29513 | Orc:2    | Found Qoneajevol's Magic Scroll Emporium.
 29706 | Orc:1    | Reached XP level 14. HP: 30/64 MP: 15/31
 29873 | Orc:2    | Bought a scroll of teleportation for 48 gold pieces
 29873 | Orc:2    | Bought a scroll of teleportation for 48 gold pieces
 29873 | Orc:2    | Bought a scroll of fear for 64 gold pieces
 30348 | Orc:2    | Reached skill level 14 in Summonings
 30989 | Orc:2    | Found Peg Som's Jewellery Shop.
 30989 | Orc:2    | Found Tata's Antique Armour Boutique.
 31010 | Orc:2    | Found Koitsoj's General Store.
 31046 | Orc:2    | Identified the +9 great sword of Goqistri {heavy, rPois}
 31255 | Orc:2    | Bought a scroll of acquirement for 832 gold pieces
 31255 | Orc:2    | Bought a potion of curing for 48 gold pieces
 31255 | Orc:2    | Acquired the Incunable of Convocation and Snow
 31264 | Orc:2    | Learned a level 6 spell: Summon Cactus Giant
 31313 | Orc:2    | Found a staircase to the Elven Halls.
 31641 | Orc:2    | Found a one-way gate leading to the halls of Pandemonium.
 32225 | Swamp:1  | Entered Level 1 of the Swamp
 32227 | Swamp:1  | HP: 2/65 [eleionoma/spray of wooden splinters (37)]
 32234 | Swamp:1  | Slain by an eleionoma
 32235 | Swamp:1  | Reached XP level 13. HP: -5/61 MP: 3/30
 32256 | Swamp:1  | Killed an eleionoma
 32416 | Swamp:1  | Reached skill level 10 in Hexes
 32521 | Swamp:1  | Noticed a bunyip
 32524 | Swamp:1  | Noticed an eleionoma
 32531 | Swamp:1  | Killed a bunyip
 32540 | Swamp:1  | HP: 3/61 [eleionoma/spray of wooden splinters (46)]
 32540 | Swamp:1  | Demolished by a swamp worm
 32541 | Swamp:1  | Reached XP level 12. HP: -20/58 MP: 3/29
 32542 | Swamp:1  | Reached skill level 1 in Unarmed Combat
 32560 | Swamp:1  | Identified the +6 glaive "Nuom" {drain, Int+3}
 32578 | Swamp:1  | Identified the ring "Ruocsaist" {Fly rF+}
 32599 | Swamp:1  | Killed an eleionoma
 33008 | Swamp:1  | Noticed a bunyip
 33021 | Swamp:1  | Killed a bunyip
 33022 | Swamp:1  | Reached skill level 10 in Fighting
 33290 | Swamp:1  | Reached XP level 13. HP: 36/61 MP: 12/30
 33684 | Lair:3   | Bought a book of Spatial Translocations for 270 gold pieces
 33684 | Lair:3   | Bought a Fen Folio for 630 gold pieces
 33687 | Lair:3   | Learned a level 2 spell: Blink
 33693 | Lair:3   | Learned a level 5 spell: Summon Forest
 33749 | Lair:2   | Bought a scroll of amnesia for 52 gold pieces
 33749 | Lair:2   | Bought a scroll of blinking for 97 gold pieces
 33749 | Lair:2   | Bought a scroll of summoning for 123 gold pieces
 33983 | Swamp:2  | Reached skill level 1 in Translocations
 34845 | Swamp:2  | Noticed a bunyip
 34851 | Swamp:2  | Killed a bunyip
 34852 | Swamp:2  | Reached skill level 15 in Summonings
 35617 | Swamp:3  | Noticed Mara
 35632 | Swamp:3  | Noticed arthad's illusion
 35988 | Swamp:3  | Noticed arthad's illusion
 36023 | Swamp:3  | Noticed arthad's illusion
 36178 | Swamp:3  | Noticed a bunyip
 36190 | Swamp:3  | Killed a bunyip
 36425 | Swamp:3  | Mangled by a spriggan rider

Illustrated notes

Levels and vault maps discovered:
D:1:      wander_arrival_estate, layout_rooms
D:2:      layout_basic
D:3:      layout_rooms, nicolae_tso_besieged_by_evil, amcnicky_altar_gilded,
          uniq_robin, uniq_natasha, uniq_terence
D:4:      layout_loops_ring, nemelex_diamond_rough_becter, serial_rivers,
          chequers_serial_rivers_room_a, chequers_serial_rivers_micro_e,
          chequers_serial_rivers_micro_d, chequers_serial_rivers_small_b,
          serial_shops, shop, uniq_eustachio
D:5:      cheibrodos_iron_armory, layout_loops_ring,
          eat_drink_and_be_merry_uskayaw, uniq_crazy_yiuf_cottage, uniq_edmund,
          uniq_duvessa
D:6:      layout_rooms, kennysheep_little_box, mrwooster_statue_mirror,
          uniq_menkaure
D:7:      minmay_the_grid_octo_tiled_octocenter
          [minmay_the_grid_octo_checkerflower, minmay_the_grid_octo_fan_narrow,
          minmay_the_grid_octo_clover_2, minmay_the_grid_octo_chip,
          minmay_the_grid_octo_prize_square_snowflake,
          minmay_the_grid_square_5x5_beaten_path, minmay_the_grid_square_5x5_v,
          minmay_the_grid_square_5x5_corner,
          minmay_the_grid_square_5x5_minibox], layout_loops_ring,
          nicolae_overflow_hidden_temple, minmay_temple_entry_crystal_x,
          kennysheep_generic_room_12, uniq_pikel
D:8:      layout_rooms, grunt_temple_overflow_champion_of_chaos,
          nicolae_overflow_crystal_walls, lair_entry_dummy
D:9:      layout_cave_pods, mainiacjoe_overflow_24_doors, minmay_hedge_maze
D:10:     layout_roguey, trog_book, david_orc_2, grunt_ministairs_7
D:11:     gammafunk_the_bubble [the_bubble_gammafunk_crates], layout_stronghold,
          serial_shops, shop_fountains, uniq_maurice, uniq_sonja
D:12:     layout_basic, uniq_josephine
D:13:     layout_cave_pools, serial_shops, nicolae_shop_bloodbath_and_beyond,
          gammafunk_ghost_wrathful_warriors, uniq_nessos
Temple:   hellmonk_temple_of_storms
Lair:1:   dreamdust_cave_troll, layout_regular_city, gauntlet_entry_generic,
          hangedman_lair_unloving_vines, st_stairs_11, worms_lemuel,
          uniq_amaemon
Lair:2:   layout_gridlike, minmay_swamp_entry_swarm,
          guppyfry_snake_entry_island, beast_lair_carwin_4, serial_bayou_shore_a
Lair:3:   layout_big_grid, nzn_ghost_randoct, beast_lair_carwin_3
Lair:4:   layout_misc_corridors, small_statue_intersection
Lair:5:   cheibrodos_lair_end_hotspot, layout_small_grid, slime_entry_1
Swamp:1:  layout_basic_swamp, evilmike_swamp_ruin_house_3
Swamp:2:  layout_basic_swamp, evilmike_swamp_ruin_house_5
Swamp:3:  layout_basic_swamp, serial_swamp_ruin, hangedman_swamp_ruin_hall,
          evilmike_swamp_ruin_house_1, evilmike_swamp_ruin_house_4, uniq_mara
Orc:1:    layout_diamond_mine, serial_shops, shop_coins
Orc:2:    pf_orc_diabolical, layout_caves, serial_shops, nicolae_shop_stone,
          minmay_orc_treasury

Skill      XL: |  1  2  3  4  5  6  7  8  9 10 11 12 13 14 |
---------------+-------------------------------------------+-----
Stealth        | 3 |  3.2
Dodging        | 3 4 5 6 7 9 10 12 13 | 13.6
Hexes          | 1 2 3 4 5 6 10 9 | 10.0
Spellcasting   | 3 4 5 6 7 9 10 12 | 12.1
Summonings     | 5 6 7 8 9 10 11 15 14 | 15.2
Fighting       | 1 2 3 4 5 6 10 9 | 10.2
Air Magic      | 1 2 4 5 6 8 9 10 | 10.1
Ice Magic      | 2 3 4 5 |  5.0
Unarmed Combat | 2 4 |  4.0
Translocations | 4 |  4.4

Action                     |  1- 3 |  4- 6 |  7- 9 | 10-12 | 13-15 || total
---------------------------+-------+-------+-------+-------+-------++-------
  Melee: Unarmed           |    10 |     8 |     8 |   251 |    13 ||   290
         Bite              |       |     1 |     1 |    60 |     3 ||    65
         Punch             |       |       |       |     6 |       ||     6
   Cast: Summon Small Mamm |    40 |    10 |       |     1 |       ||    51
         Call Imp          |    15 |    17 |    14 |     8 |     4 ||    58
         Call Canine Famil |     9 |    17 |    35 |    86 |    73 ||   220
         Summon Guardian G |       |    13 |    37 |    91 |    92 ||   233
         Summon Lightning  |       |       |    31 |    97 |   142 ||   270
         Summon Ice Beast  |       |       |     5 |    77 |   104 ||   186
         Summon Mana Viper |       |       |       |    11 |    84 ||    95
         Summon Cactus Gia |       |       |       |     5 |    22 ||    27
         Summon Forest     |       |       |       |       |     2 ||     2
 Invoke: Potion Petition   |       |       |       |     1 |     1 ||     2
         Call Merchant     |       |       |       |       |     2 ||     2
  Evoke: Wand              |       |       |       |    17 |    13 ||    30
    Use: Potion            |       |     2 |     3 |     5 |     4 ||    14
         Scroll            |       |     2 |     6 |    17 |     8 ||    33
   Stab: Distracted        |       |       |       |     1 |       ||     1
         Invisible         |       |       |       |     1 |       ||     1
 Armour: Skin              |     7 |     4 |     4 |     9 |     7 ||    31
  Dodge: Dodged            |    28 |    34 |    41 |   185 |   201 ||   489

Table legend: (Time is in decaauts)
 A = Elapsed time spent in this place.
 B = Non-inter-level travel time spent in this place.
 C = Inter-level travel time spent in this place.
 D = Time resting spent in this place.
 E = Time spent auto-exploring this place.
 F = Levels seen in this place.
 G = Mean time per level.
                   A        B        C        D        E       F      G
               +--------+--------+--------+--------+--------+-----+--------+
         Total |  33453 |  32227 |   1226 |   3027 |  22425 |  25 | 1338.1 |
       Dungeon |  15478 |  14881 |    597 |   1017 |  10517 |  13 | 1190.6 |
        Temple |     56 |     42 |     14 |      0 |     19 |   1 |   56.0 |
          Lair |   8522 |   8133 |    389 |    560 |   6150 |   5 | 1704.4 |
         Swamp |   3821 |   3724 |     97 |    668 |   2490 |   3 | 1273.7 |
  Orcish Mines |   4423 |   4294 |    129 |    701 |   2667 |   2 | 2211.5 |
      Gauntlet |   1151 |   1151 |      0 |     81 |    580 |   1 | 1151.0 |
               +--------+--------+--------+--------+--------+-----+--------+

Top non-repeatable levels by time:
   Orc:2: 3169 daAuts
  Lair:5: 3089 daAuts
 Swamp:2: 1925 daAuts
  Lair:1: 1870 daAuts
     D:7: 1796 daAuts
     D:9: 1699 daAuts
     D:2: 1600 daAuts
     D:5: 1459 daAuts
    D:11: 1446 daAuts
  Lair:3: 1430 daAuts
    D:10: 1398 daAuts
    D:12: 1308 daAuts
     D:4: 1284 daAuts
   Orc:1: 1254 daAuts
 Swamp:1: 1252 daAuts
